 Dungeon Crawl Stone Soup version 0.14-a0-1811-gdc2d5af (webtiles) character file.

210 Herrn the Skirmisher (level 4, -12/37 HPs)
             Began as a Djinni Fighter on Jan 8, 2014.
             Killed by divine providence
             ... invoked by an orc priest
              (13 damage)
             ... on Level 3 of the Dungeon.
             The game lasted 00:07:13 (2306 turns).

Herrn the Skirmisher (Djinni Fighter)               Turns: 2306, Time: 00:07:16

HP -12/37        AC  6     Str 16      XL: 4   Next: 51%
MP   0/0         EV  6     Int  9      God:
Gold 107         SH 18     Dex 13      Spells:  0 memorised,  3 levels left

rFire  + + +     SeeInvis .     o - +0 long sword
rCold  x . .     Clarity  .     b - +0 scale mail
rNeg   + + +     Conserve .     c - +0 shield
rPois  .         rCorr    .     (no helmet)
rElec  .         rRot     .     (no cloak)
SustAb . .       Spirit   .     (no gloves)
rMut   .         Warding  .     (boots unavailable)
Saprov . . .     Stasis   .     (no amulet)
                                (no ring)
                                (no ring)

@: flying, very slightly contaminated, hasted, very quick, slightly resistant to
hostile enchantments, extremely unstealthy
A: fire immunity, cold vulnerability, life protection 3
a: no special abilities


You were on level 3 of the Dungeon.
You were not hungry.

You visited 1 branch of the dungeon, and saw 3 of its levels.

You collected 107 gold pieces.

Inventory:

Hand weapons
 o - a +0,+0 long sword (weapon)
Armour
 b - a +0 scale mail (worn)
 c - a +0 shield (worn)
Scrolls
 a - a scroll of curse jewellery {unknown}
 f - 5 scrolls of identify {unknown}
 g - a scroll of amnesia {unknown}
 k - a scroll of enchant weapon II {unknown}
 l - a scroll of curse weapon {unknown}
 m - a scroll of curse armour {unknown}
 p - a scroll of blinking {unknown}
 q - a scroll of enchant armour {unknown}
 s - a scroll of fog {unknown}
Potions
 e - a potion of magic {unknown}
 h - a potion of brilliance {unknown}
 i - a potion of curing {unknown}
 j - a potion of mutation {unknown}
 n - a potion of speed
 r - a potion of degeneration {unknown}
 t - a potion of beneficial mutation {unknown}


   Skills:
 * Level 4.1 Fighting
 + Level 3.0 Long Blades
 - Level 3.2 Armour
 - Level 1.0 Dodging
 - Level 3.0 Shields


You had 3 spell levels left.
You didn't know any spells.

Dungeon Overview and Level Annotations

Branches:
Dungeon (3/16)

Altars:
Ashenzari
Nemelex Xobeh
Vehumet


Innate Abilities, Weirdness & Mutations

You are immune to all types of fire, even holy and hellish.
You are vulnerable to cold.
You need no food.
You have no legs.
You are immune to negative energy.


Message History

You barely miss the orc wizard.
The orc wizard is almost dead.
The orc wizard hits you with an orcish dagger.
The orc priest mumbles some strange prayers to Beogh against you.
Something smites you!
* * * LOW HITPOINT WARNING * * *
The orc wizard casts a spell.
The orc wizard flickers and vanishes!
Deactivating autopickup; reactivate with Ctrl-A.
Unknown command.
You feel yourself speed up.
It was a potion of speed.
It hits you.
* * * LOW HITPOINT WARNING * * *
You are very lightly contaminated with residual magic.
You feel more buoyant.
It was a potion of flight.
The orc wizard gestures wildly while chanting.
The orc wizard blinks!
The orc priest invokes the aid of Beogh against you.
Something smites you!
You die...

## #...# _## #...# ..#
##.## ### ####.# .#
#....# ### #.##.# ._#
#####.##.###### ###
###########..............
..#
....oo§)@o...............
###
###########.........#####
..##### #####.##..#
8##.[.# #.....# ......#
#.....##### ......#
#.......... .%....#
######'###.##### ......#
##.......##.# # ......#
#........##.# #


You could see an orc priest, an orc wizard and an orc.

Vanquished Creatures
  2 adders
  A giant mite (D:2)
  A worm (D:2)
  3 giant geckos (D:1)
  2 oozes (D:1)
  5 orcs (D:3)
  2 giant cockroaches
  7 goblins
  6 hobgoblins
  4 jackals (D:3)
  9 kobolds
  A quokka (D:2)
  4 bats
  5 giant newts
  8 rats
60 creatures vanquished.

Notes
Turn   | Place    | Note
--------------------------------------------------------------
     0 | D:1      | Herrn, the Djinni Fighter, began the quest for the Orb.
     0 | D:1      | Reached XP level 1. HP: 16/16 MP: 0/0
   211 | D:1      | Reached XP level 2. EP: 23/23
   548 | D:1      | Reached skill level 1 in Dodging
   913 | D:2      | Reached XP level 3. EP: 18/29
  1308 | D:2      | Found a sparkling altar of Nemelex Xobeh.
  1737 | D:3      | Reached XP level 4. EP: 37/37
  1784 | D:3      | Reached skill level 4 in Fighting
  2114 | D:3      | Found a shattered altar of Ashenzari.
  2116 | D:3      | Found a radiant altar of Vehumet.
  2304 | D:3      | HP: 1/37 [orc priest/divine providence (13)]
  2306 | D:3      | Killed from afar by an orc priest

Action                   |  1- 3 |  4- 6 || total
-------------------------+-------+-------++-------
Melee: Falchion          |   144 |       ||   144
       Long sword        |    14 |    90 ||   104
  Use: Potion            |       |     2 ||     2
